AoeStats
← Malik Bhai

Hideout

508140661Analyzed
1v1 RM · 11d ago on Sep 21, 2026· 32m 40s· 2 players
Game mode
Random Map
Map size
Tiny (2 player)
Population
200
Speed
Normal
Resources
Standard
Victory
Conquest
Starting age
Dark Age
Ending age
Imperial Age
RankedLock teamsTeams togetherTeam positionsShared explorationLock speedFull tech treeHidden civsTurbo modeCheats
Victory
Defeat
🇨🇳 Bohemians · China
1815
+13
🇵🇰 Spanish · Pakistan
1752
-13
Malik Bhai
10:04 Feudal Age
11:07 Loom
14:52 Castle Age
28:01 Sanctity
cff
6:06 Loom
9:00 Feudal Age
9:01 Man-at-Arms
14:17 Arson
22:15 Castle Age
21:20 Double-Bit Axe
22:20 Fletching
22:33 Padded Archer Armor
23:08 Fletching
25:10 Chemistry
25:51 Leather Archer Armor
27:31 Horse Collar
29:24 Squires
Connection lost

Rejoining the realm…

Still unreachable

The connection could not be restored.

Session expired

The server has moved on; the page needs a fresh start.